 Dungeon Crawl Stone Soup version 0.26-a0-259-g1effd001a9 (webtiles) character file.

Game seed: 11622628962674231748

22213 HoaS the Brawler (level 12, -1/84 HPs)
             Began as a Gargoyle Gladiator on July 12, 2020.
             Was an Elder of Makhleb.
             Slain by a dire elephant (4 damage)
             ... on level 3 of the Lair of Beasts.
             The game lasted 00:31:18 (10982 turns).

HoaS the Brawler (Gargoyle Gladiator)              Turns: 10982, Time: 00:31:19

Health: -1/84      AC: 26    Str: 23    XL:     12   Next: 98%
Magic:  12/12      EV:  7    Int:  9    God:    Makhleb [****..]
Gold:   589        SH:  0    Dex: 11    Spells: 11/11 levels left

rFire    . . .     SeeInvis .     - Unarmed
rCold    . . .     Faith    .   (no shield)
rNeg     + . .     Spirit   .   y - +0 plate armour
rPois    ∞         Reflect  .   b - +1 helmet
rElec    +         Harm     .   (no cloak)
rCorr    +                      (no gloves)
MR       .....                  I - +1 pair of boots
Stlth    ..........             (no amulet)
HPRegen  0.24/turn              E - ring of resist corrosion
MPRegen  0.13/turn              f - +4 ring of protection

@: no status effects
A: negative energy resistance 1, electricity resistance, unbreathing,
petrification resistance, rot immunity, AC +8
a: Minor Destruction, Lesser Servant of Makhleb, Major Destruction, Renounce
Religion


You were on level 3 of the Lair of Beasts.
You worshipped Makhleb.
Makhleb was greatly pleased with you.
You were not hungry.

You visited 3 branches of the dungeon, and saw 14 of its levels.

You collected 589 gold pieces.

Inventory:

Missiles
 a - 16 boomerangs (quivered)
 k - 4 datura-tipped darts
 o - 2 javelins
 t - 16 poisoned darts
Armour
 b - a +1 helmet (worn)
 y - a +0 plate armour (worn)
 G - a +0 hat of magic resistance
 I - a +1 pair of boots (worn)
Jewellery
 f - a +4 ring of protection (right hand)
 j - an uncursed ring of stealth
 m - an uncursed ring of protection from fire
 x - an uncursed ring of protection from fire
 E - a ring of resist corrosion (left hand)
Wands
 g - a wand of iceblast (4)
 n - a wand of enslavement (9)
 p - a wand of polymorph (9)
Scrolls
 l - 4 scrolls of teleportation
 u - 5 scrolls of remove curse
 w - 3 scrolls of blinking
 B - 2 scrolls of magic mapping
 F - a scroll of identify
Potions
 c - 2 potions of mutation {unknown}
 h - 2 potions of heal wounds {unknown}
 i - 8 potions of curing
 r - 2 potions of cancellation {unknown}
 s - 2 potions of haste {unknown}
 z - a potion of flight {unknown}
 A - a potion of berserk rage {unknown}
 C - 3 potions of might
 D - a potion of degeneration {unknown}
 H - a potion of lignification {unknown}
Comestibles
 d - 30 rations


   Skills:
 + Level 13.2 Fighting
 - Level 1.7 Throwing
 - Level 2.4 Dodging
 * Level 16.6 Unarmed Combat


You had 11 spell levels left.
You didn't know any spells.
Your spell library contained the following spells:

 Spells                   Type           Power        Failure   Level
 Apportation              Tloc           #.....       100%        1
 Freeze                   Ice            #...         100%        1
 Summon Butterflies       Summ           #.......     100%        1
 Frozen Ramparts          Ice            #.....       100%        3
 Lesser Beckoning         Tloc           #.........   100%        3
 Ozocubu's Armour         Chrm/Ice       #.......     100%        3
 Tukima's Dance           Hex            #.......     100%        3
 Hailstorm                Conj/Ice       #.......     100%        4
 Summon Ice Beast         Ice/Summ       #.......     100%        4
 Alistair's Intoxication  Tmut/Pois      #.......     100%        5
 Invisibility             Hex            #.......     100%        6


Dungeon Overview and Level Annotations

Branches:
Dungeon (10/15)            Temple (1/1) D:7            Lair (3/6) D:9
 Shoals (0/4) Lair:3          Orc (0/2) D:9
  Snake: Lair:2-4    Spider: Lair:2-4

Altars:
Ashenzari
Cheibriados
Dithmenos
Elyvilon
Fedhas
Gozag
Hepliaklqana
Kikubaaqudgha
Makhleb
Nemelex Xobeh
Okawaru
Qazlal
Ru
Sif Muna
Trog
Uskayaw
Vehumet
Wu Jian
Xom
Yredelemnul
Zin
The Shining One

Shops:
D:9 [=}


Innate Abilities, Weirdness & Mutations

You are resistant to torment.
Your stone body is resilient. (AC +8)
You are immune to poison.
You resist negative energy. (rN+)
You are resistant to electric shocks. (rElec)
You can survive without breathing.
You are immune to petrification.
You are immune to rotting.


Message History

You hit the dire elephant.
The dire elephant is heavily wounded.
You pummel the dire elephant!!
The dire elephant is severely wounded.
The dire elephant tramples you!!
* * * LOW HITPOINT WARNING * * *
You hold your ground!
The dire elephant closely misses you.
You hit the dire elephant but do no damage.
The dire elephant is severely wounded.
The dire elephant tramples you but does no damage.
The dire elephant trunk-slaps you.
* * * LOW HITPOINT WARNING * * *
You hit the dire elephant. You punch the dire elephant!
The dire elephant is almost dead.
You hit the dire elephant.
The dire elephant is almost dead.
The dire elephant tramples you!
* * * LOW HITPOINT WARNING * * *
You hold your ground!
The dire elephant trunk-slaps you.
You die...

.>..## ###
##......♣♣♣♣♣♣P...
.....#
#.....†...........
÷...##
#................. .#.##
#................. .###
##................ .####
####P##.#.####... ....#
######## ##
....##############
#........##..#.#@#.####
.................Y......
##.>.##...#.#.##.#..#.#.
#...##...##########...
#...#....P# ...
##......### ..
###......# . ########


You could see a dire elephant.

Vanquished Creatures
  Gastronok (Lair:2)
  Snorg (Lair:2)
  2 hydras (Lair:2)
  A queen ant (Lair:3)
  A two-headed ogre (D:10)
  Pikel (D:4)
  A manticore (Lair:2)
  A black mamba (Lair:1)
  8 elephants (Lair:3)
  2 cane toads (Lair:2)
  Maggie (D:6)
  2 komodo dragons
  A hornet (D:9)
  3 blink frogs (Lair:2)
  3 hippogriffs
  15 yaks
  3 wyverns
  3 basilisks
  A human (D:7)
  4 hogs (D:7)
  2 water moccasins (Lair:2)
  An acid dragon (D:9)
  5 soldier ants
  Duvessa (D:6)
  5 porcupines
  3 orc warriors
  An ice beast (D:10)
  A sky beast (D:10)
  A black bear (D:9)
  A phantom (D:4)
  3 ogres
  3 centaurs
  6 crocodiles
  Blork the orc (D:6)
  6 bullfrogs
  Dowan (D:6)
  4 scorpions
  13 killer bees
  13 wights
  3 howler monkeys
  5 electric eels (D:10)
  A crimson imp (D:9)
  A bullfrog zombie (D:5)
  A centaur zombie (D:8)
  5 jellies
  A quasit (D:9)
  6 orc priests
  7 hounds
  A gnoll shaman (D:4)
  10 orc wizards
  2 iguanas
  21 worker ants
  Ijyb (D:4)
  2 hound zombies
  2 hound skeletons
  2 worker ant zombies (D:8)
  Robin (D:4)
  9 gnolls
  14 adders
  2 shadow imps
  4 white imps
  2 ufetubi
  2 oozes
  An adder zombie (D:7)
  2 worms
  2 dart slugs
  6 leopard geckos
  24 orcs
  6 bats
  9 giant cockroaches
  11 goblins
  14 hobgoblins
  5 jackals
  A quokka (D:5)
  A ball python (D:1)
  5 frilled lizards
  2 goblin skeletons (D:9)
  A hobgoblin zombie (D:9)
  6 kobolds
  2 orc skeletons (D:9)
  An orc zombie (D:9)
  A quokka skeleton (D:9)
  6 rats
337 creatures vanquished.

Vanquished Creatures (others)
  35 fungi (Lair:3)
  3 plants (Lair:3)
38 creatures vanquished.

Grand Total: 375 creatures vanquished

Notes
Turn   | Place    | Note
-------+----------+-------------------------------------------
     0 | D:1      | HoaS the Gargoyle Gladiator began the quest for the Orb.
     0 | D:1      | Reached XP level 1. HP: 12/12 MP: 1/1
   100 | D:1      | Reached XP level 2. HP: 16/18 MP: 2/2
   277 | D:1      | Reached XP level 3. HP: 22/22 MP: 3/3
   793 | D:2      | Noticed a scorpion
   833 | D:1      | Killed a scorpion
   833 | D:1      | Reached skill level 4 in Unarmed Combat
   833 | D:1      | Reached XP level 4. HP: 7/28 MP: 4/4
  1243 | D:2      | Reached XP level 5. HP: 32/32 MP: 5/5
  1502 | D:2      | Reached skill level 5 in Unarmed Combat
  1926 | D:3      | Found a glowing golden altar of the Shining One.
  2158 | D:4      | Reached XP level 6. HP: 38/38 MP: 6/6
  2168 | D:4      | Noticed a phantom
  2590 | D:4      | Killed a phantom
  2590 | D:4      | Reached skill level 6 in Unarmed Combat
  2620 | D:4      | Noticed Robin
  2677 | D:4      | Killed Robin
  2699 | D:4      | Reached XP level 7. HP: 38/44 MP: 7/7
  2759 | D:4      | Reached skill level 5 in Fighting
  2779 | D:4      | Noticed Ijyb
  2799 | D:4      | Killed Ijyb
  2806 | D:4      | Noticed Pikel
  2832 | D:4      | Killed Pikel
  2832 | D:4      | Reached skill level 8 in Unarmed Combat
  2832 | D:4      | Reached XP level 8. HP: 34/51 MP: 8/8
  3058 | D:5      | Entered Level 5 of the Dungeon
  3395 | D:5      | Reached skill level 9 in Unarmed Combat
  3849 | D:5      | Reached XP level 9. HP: 51/57 MP: 9/9
  4127 | D:6      | Reached skill level 10 in Unarmed Combat
  4388 | D:6      | Noticed Blork the orc
  4397 | D:6      | Killed Blork the orc
  4447 | D:6      | Noticed Duvessa
  4447 | D:6      | Noticed Dowan
  4478 | D:6      | Killed Duvessa
  4482 | D:6      | Killed Dowan
  4624 | D:6      | Noticed Maggie
  4642 | D:6      | Killed Maggie
  5025 | D:7      | Found a staircase to the Ecumenical Temple.
  5066 | Temple   | Entered the Ecumenical Temple
  5074 | Temple   | Became a worshipper of Makhleb the Destroyer
  5116 | D:7      | Found a shadowy altar of Dithmenos.
  5162 | D:7      | Reached skill level 11 in Unarmed Combat
  5179 | D:7      | Reached XP level 10. HP: 50/65 MP: 10/10
  5490 | D:8      | Found a sparkling altar of Nemelex Xobeh.
  5539 | D:8      | Found a hide-covered altar of Uskayaw.
  5651 | D:8      | Reached * piety under Makhleb
  5660 | D:8      | Reached skill level 12 in Unarmed Combat
  6243 | D:9      | Reached ** piety under Makhleb
  6390 | D:9      | Reached skill level 10 in Fighting
  6547 | D:9      | Found a staircase to the Lair.
  6711 | D:9      | Found a staircase to the Orcish Mines.
  6796 | D:9      | Found Nipoulan's Jewellery Emporium.
  6825 | D:9      | Found a glowing golden altar of the Shining One.
  6903 | D:9      | Reached skill level 13 in Unarmed Combat
  6971 | D:9      | Found Mideum's Gadget Boutique.
  7036 | D:9      | Found Jiuwid's Armour Emporium.
  7091 | D:10     | Entered Level 10 of the Dungeon
  7118 | D:9      | Reached XP level 11. HP: 69/73 MP: 11/11
  7158 | D:9      | Reached *** piety under Makhleb
  7556 | D:10     | Noticed a two-headed ogre
  7588 | D:10     | Killed a two-headed ogre
  7588 | D:10     | Reached skill level 14 in Unarmed Combat
  7907 | Lair:1   | Entered Level 1 of the Lair of Beasts
  8053 | Lair:1   | Reached **** piety under Makhleb
  9197 | Lair:2   | Noticed Gastronok
  9215 | Lair:2   | Killed Gastronok
  9254 | Lair:2   | Reached skill level 15 in Unarmed Combat
  9254 | Lair:2   | Reached XP level 12. HP: 72/81 MP: 12/12
  9741 | Lair:3   | Found a staircase to the Shoals.
  9741 | Lair:3   | Noticed Snorg
  9743 | Lair:3   | Noticed a five-headed hydra
  9914 | Lair:2   | Killed Snorg
 10197 | Lair:3   | Noticed a seven-headed hydra
 10212 | Lair:2   | Killed a five-headed hydra
 10273 | Lair:2   | Killed a seven-headed hydra
 10496 | Lair:3   | Reached skill level 16 in Unarmed Combat
 10504 | Lair:3   | Noticed a queen ant
 10538 | Lair:3   | Killed a queen ant
 10968 | Lair:3   | Noticed a dire elephant
 10982 | Lair:3   | HP: 3/84 [dire elephant (9)]
 10982 | Lair:3   | Slain by a dire elephant

Illustrated notes

Levels and vault maps discovered:
D:1:      dpeg_arrival_yet_another_circle, layout_basic, minmay_pentomino_p2
D:2:      layout_loops_ring, minmay_unequal
D:3:      layout_basic, overflow_temple_1_default
D:4:      layout_basic, first_ration, uniq_pikel, uniq_ijyb, uniq_robin
D:5:      layout_cave_pools
D:6:      layout_basic, uniq_maggie, uniq_duvessa, uniq_blork_the_orc
D:7:      layout_basic, nicolae_overflow_crystal_walls,
          minmay_temple_entry_proselytizer, serial_glass, glass_columns_a,
          glass_columns_b, grunt_livestock, hex_tiny
D:8:      layout_loops_ring, nemelex_xobeh_ov_fountains_minmay,
          lemuel_crystal_altar
D:9:      layout_irregular_city, erik_lair_dragon, orc_0_dummy, serial_shops,
          nicolae_shop_behind_doors, kennysheep_little_box, shop,
          nicolae_tso_besieged_by_evil
D:10:     layout_basic
Temple:   nicolae_temple_no_exploring_needed
Lair:1:   layout_small_grid
Lair:2:   layout_misc_corridors, uniq_gastronok
Lair:3:   mu_elephants_graveyard, layout_misc_corridors,
          minmay_shoals_entry_beasts, small_statue_intersection,
          minmay_another_anthill, uniq_snorg

Skill      XL: |  1  2  3  4  5  6  7  8  9 10 11 12 |
---------------+-------------------------------------+-----
Fighting       | 3 4 6 7 8 10 11 13 | 13.2
Unarmed Combat | 4 5 6 8 9 11 13 15 16 | 16.6
Throwing       | |  1.7
Dodging        | |  2.4

Action                   |  1- 3 |  4- 6 |  7- 9 | 10-12 || total
-------------------------+-------+-------+-------+-------++-------
Melee: Unarmed           |   136 |   298 |   318 |   794 ||  1546
       Punch             |       |     7 |    15 |    47 ||    69
Throw: Throwing net      |     1 |       |     2 |       ||     3
       Boomerang         |       |       |     4 |     1 ||     5
       Javelin           |       |       |     2 |       ||     2
Evoke: Wand              |       |       |       |    11 ||    11
  Use: Scroll            |     2 |     4 |     7 |     7 ||    20
 Stab: Held in net/web   |     1 |       |     3 |       ||     4
       Sleeping          |     1 |       |       |       ||     1
  Eat: Ration            |       |     2 |     2 |     5 ||     9
Armor: Leather armour    |    35 |   118 |   124 |       ||   277
       Chain mail        |       |       |     9 |    63 ||    72
       Plate armour      |       |       |       |   626 ||   626
Dodge: Dodged            |    72 |   182 |   165 |   265 ||   684

Table legend:
 A = Non-vault XP
 B = Vault XP
 C = Vault XP percentage of total XP
 D = Non-vault monster count
 E = Vault monster count
 F = Vault count percentage of total count
                 A         B        C        D         E       F
            +---------+---------+-------+---------+---------+-------
      Total |   19455 |   12279 |  38.7 |     266 |      71 |  21.1
            +---------+---------+-------+---------+---------+-------
        D:1 |     116 |       4 |   3.3 |      26 |       1 |   3.7
        D:2 |      70 |       4 |   5.4 |      17 |       1 |   5.6
        D:3 |     124 |       0 |   0.0 |      15 |       0 |   0.0
        D:4 |     749 |     654 |  46.6 |      34 |      13 |  27.7
        D:5 |     857 |       0 |   0.0 |      24 |       0 |   0.0
        D:6 |     462 |     719 |  60.9 |      14 |       4 |  22.2
        D:7 |     299 |    1024 |  77.4 |       7 |       6 |  46.2
        D:8 |    1337 |       0 |   0.0 |      24 |       0 |   0.0
        D:9 |    2592 |    1081 |  29.4 |      40 |      13 |  24.5
       D:10 |    3281 |       0 |   0.0 |      30 |       0 |   0.0
     Lair:1 |    1691 |       0 |   0.0 |       9 |       0 |   0.0
     Lair:2 |    5356 |    4704 |  46.8 |      18 |      13 |  41.9
     Lair:3 |    2521 |    4089 |  61.9 |       8 |      20 |  71.4
            +---------+---------+-------+---------+---------+-------
